 Dungeon Crawl Stone Soup version 0.22.0-6-g71bd7aa6b3 (webtiles) character file.

2347 Elric the Skirmisher (level 9, -2/56 HPs)
             Began as a Gargoyle Berserker on Aug 16, 2018.
             Was an Elder of Trog.
             Hit by a large rock thrown by a cyclops (31 damage)
             ... on level 8 of the Dungeon.
             The game lasted 00:13:44 (6406 turns).

Elric the Skirmisher (Gargoyle Berserker)           Turns: 6406, Time: 00:13:45

Health: -2/56      AC: 18    Str: 28    XL:     9   Next: 43%
Magic:  9/9        EV: 14    Int:  7    God:    Trog [****..]
Gold:   540        SH:  5    Dex: 15    Spells: 8/8 levels left

rFire    + . .     SeeInvis .   x - +0 war axe
rCold    . . .     Gourm    .   p - +0 buckler
rNeg     + . .     Faith    .   d - +0 ring mail
rPois    ∞         Spirit   .   n - +2 helmet
rElec    +         Reflect  .   o - +0 cloak
rCorr    .         Harm     .   w - +0 pair of gloves "Ruuxt" {MR+ Str+5}
MR       +....                  (no boots)
Stlth    +.........             i - amulet of rage
HPRegen  0.18/turn              B - +4 ring of dexterity
MPRegen  0.11/turn              m - ring of protection from fire

@: no status effects
A: negative energy resistance 1, electricity resistance, unbreathing,
petrification resistance, rot immunity, AC +6
a: Berserk, Trog's Hand, Brothers in Arms, Renounce Religion, Evoke Berserk Rage


You were on level 8 of the Dungeon.
You worshipped Trog.
Trog was greatly pleased with you.
You were very hungry.

You visited 1 branch of the dungeon, and saw 8 of its levels.

You collected 540 gold pieces.

Inventory:

Hand Weapons
 a - a +0 hand axe
 x - a +0 war axe (weapon)
Armour
 b - a +0 animal skin
 d - a +0 ring mail (worn)
 n - a +2 helmet (worn)
 o - a +0 cloak (worn)
 p - a +0 buckler (worn)
 q - a -1 chain mail
 w - the +0 pair of gloves "Ruuxt" (worn) {MR+ Str+5}
   (You found it on level 5 of the Dungeon)

   It affects your strength (+5).
   It affects your resistance to hostile enchantments.
Jewellery
 h - an uncursed ring of positive energy
 i - an amulet of rage (around neck)
 m - a ring of protection from fire (right hand)
 u - an uncursed amulet of faith
 v - an uncursed ring of ice
 B - a +4 ring of dexterity (left hand)
 G - an uncursed ring of ice
Wands
 s - a wand of random effects (29)
Scrolls
 e - a scroll of enchant weapon {unknown}
 f - 7 scrolls of remove curse
 j - 3 scrolls of teleportation
 l - a scroll of noise {unknown}
 y - a scroll of random uselessness {unknown}
 z - 3 scrolls of fear {unknown}
 E - 2 scrolls of identify
Potions
 g - 2 potions of haste
 k - 3 potions of flight
 r - a potion of agility
 t - a potion of berserk rage
 A - 2 potions of degeneration {unknown}
 D - a potion of curing {unknown}
 F - a potion of brilliance {unknown}
Comestibles
 c - 14 rations


   Skills:
 + Level 6.7 Fighting
 + Level 6.1 Axes
 + Level 6.1 Armour
 + Level 4.9 Dodging
 + Level 5.3 Shields


You had 8 spell levels left.
You didn't know any spells.
Your spell library contained the following spells:

 Spells                   Type           Power        Failure   Level  Hunger
 Summon Butterflies       Summ           #.......     54%         1    ##.....


Dungeon Overview and Level Annotations

Branches:
Dungeon (8/15)             Temple (0/1) D:4
   Lair: D:8-11

Altars:
Cheibriados
Elyvilon
Fedhas
Hepliaklqana
Kikubaaqudgha
Makhleb
Okawaru
Ru
Sif Muna
Vehumet
Wu Jian
Xom

Annotations:
D:3 1 runed door, Dwachs's ghost, amateur SpEn
D:8 2 transporters, Esekla's ghost, novice DrWz


Innate Abilities, Weirdness & Mutations

You are resistant to torment.
Your stone body is resilient. (AC +6)
You are immune to poison.
You resist negative energy. (rN+)
You are resistant to electric shocks. (rElec)
You can survive without breathing.
You are immune to petrification.
You are immune to rotting.


Message History

As you read the scroll of teleportation, it crumbles to dust.
You feel strangely unstable. You block the cyclops's attack.
The cyclops barely misses you.
Your surroundings suddenly seem different.
You start resting.
You feel yourself speed up.
You start resting.
You are feeling very hungry.
You start resting.
You recover from your berserk rage.
You start resting.
You feel a little less agile now.
You start resting.
The cyclops is too close now for your liking.
The cyclops shouts!
You start resting.
The cyclops is too close now for your liking.
The cyclops throws a large rock.
The large rock hits you!!
Ouch! That really hurt!
You die...

#....).............####.#.###
########....)....................
....# #####)##....#........#..##
....# #÷##....#....###.#..# ....#
#.##....#....# #.#..## ....#
#.##....#....# #.#...# ....#####
#..+.........# #.#.... <...'...#
#.##.....#+#####......
....###<####.###@.#.#.......#....
##### #.#...................##...
#.#....C###...#.########...
#######........##.....###.[......
#....†.........##.......+(.......
#......÷.###........#.###........
#........# #.#####.##.# #........
#........# #.#####.##.###........
#........# #............#.....###


You could see a cyclops.

Vanquished Creatures
  A hungry ghost (D:8)
  2 ice beasts
  A phantom (D:8)
  A black bear (D:7)
  2 necrophages
  An ogre (D:4)
  Blork the orc (D:6)
  2 bullfrogs
  Dowan (D:4)
  A scorpion (D:7)
  3 howler monkeys
  3 crimson imps
  3 orc priests
  A hound (D:4)
  An iron imp (D:5)
  12 orc wizards
  Natasha (thrice) (D:3)
  2 worker ants
  3 hound skeletons
  A howler monkey skeleton (D:3)
  A worker ant zombie (D:7)
  13 adders
  7 gnolls
  2 shadow imps
  3 adder zombies
  2 worms
  A dart slug (D:2)
  3 leopard geckos
  22 orcs
  8 bats
  5 giant cockroaches
  5 goblins
  8 hobgoblins
  8 jackals (D:8)
  9 kobolds
  7 quokkas
  4 frilled lizards
  A quokka skeleton (D:4)
  11 rats
165 creatures vanquished.

Vanquished Creatures (others)
  Duvessa (D:4)
1 creature vanquished.

Grand Total: 166 creatures vanquished

Notes
Turn   | Place    | Note
-------+----------+-------------------------------------------
     0 | D:1      | Elric the Gargoyle Berserker began the quest for the Orb.
     0 | D:1      | Reached XP level 1. HP: 14/14 MP: 1/1
   229 | D:1      | Reached XP level 2. HP: 19/19 MP: 2/2
   805 | D:2      | Reached XP level 3. HP: 21/24 MP: 3/3
   827 | D:2      | Reached ** piety under Trog
   870 | D:2      | Reached XP level 4. HP: 23/29 MP: 4/4
  1532 | D:3      | Found a runed door.
  1540 | D:3      | Noticed Dwachs's ghost (amateur SpEn)
  1609 | D:3      | Found a burning altar of Makhleb.
  1708 | D:3      | Noticed Natasha
  1717 | D:3      | Killed Natasha
  1717 | D:3      | Reached XP level 5. HP: 33/33 MP: 5/5
  1722 | D:3      | Noticed Natasha
  1737 | D:3      | Killed Natasha
  1893 | D:3      | Noticed Natasha
  1906 | D:3      | Killed Natasha
  2004 | D:3      | Reached skill level 1 in Shields
  2004 | D:3      | Reached XP level 6. HP: 33/38 MP: 6/6
  2130 | D:3      | Found a white marble altar of Elyvilon.
  2130 | D:3      | Found a hazy altar of Hepliaklqana.
  2131 | D:3      | Found an ornate altar of the Wu Jian Council.
  2309 | D:3      | Found a shimmering altar of Xom.
  2309 | D:3      | Found a shimmering altar of Xom.
  2309 | D:3      | Found a shimmering altar of Xom.
  2310 | D:3      | Found a shimmering altar of Xom.
  2458 | D:4      | Reached *** piety under Trog
  2767 | D:4      | Reached XP level 7. HP: 44/44 MP: 7/7
  2895 | D:4      | Noticed Duvessa
  2895 | D:4      | Noticed Dowan
  2908 | D:4      | Killed Duvessa
  2912 | D:4      | Killed Dowan
  2988 | D:4      | Found a staircase to the Ecumenical Temple.
  3073 | D:4      | Found a sacrificial altar of Ru.
  3136 | D:4      | Reached skill level 5 in Fighting
  3543 | D:5      | Entered Level 5 of the Dungeon
  3696 | D:5      | Found a snail-covered altar of Cheibriados.
  3790 | D:5      | Got a pair of bloodstained gloves
  3796 | D:5      | Identified the cursed +0 pair of gloves "Ruuxt" {MR+ Str+5} (You found it on level 5 of the Dungeon)
  3897 | D:5      | Reached skill level 5 in Axes
  3897 | D:5      | Reached XP level 8. HP: 43/49 MP: 8/8
  4881 | D:6      | Reached skill level 5 in Armour
  5117 | D:6      | Found a radiant altar of Vehumet.
  5133 | D:6      | Found an ancient bone altar of Kikubaaqudgha.
  5149 | D:6      | Found a deep blue altar of Sif Muna.
  5165 | D:6      | Identified Sif Muna's Handbook of Summoning
  5231 | D:6      | Found an iron altar of Okawaru.
  5274 | D:6      | Noticed Blork the orc
  5282 | D:6      | Killed Blork the orc
  5449 | D:7      | Reached XP level 9. HP: 51/55 MP: 9/9
  5482 | D:7      | Reached **** piety under Trog
  5943 | D:7      | Found a blossoming altar of Fedhas.
  6099 | D:8      | Reached skill level 5 in Shields
  6197 | D:8      | Found a transporter.
  6205 | D:8      | Found a transporter.
  6205 | D:8      | Noticed Esekla's ghost (novice DrWz)
  6206 | D:8      | Noticed a centaur warrior
  6284 | D:8      | Noticed a cyclops
  6406 | D:8      | Hit by a large rock thrown by a cyclops

Skill      XL: |  1  2  3  4  5  6  7  8  9 |
---------------+----------------------------+-----
Axes           | 3 4 5 6 |  6.1
Dodging        | 2 3 4 |  4.9
Armour         | 3 4 5 6 |  6.1
Fighting       | 4 5 6 |  6.7
Shields        | 1 2 3 4 5 |  5.3

Action                   |  1- 3 |  4- 6 |  7- 9 || total
-------------------------+-------+-------+-------++-------
Melee: Hand axe          |    98 |   174 |   302 ||   574
       War axe           |       |       |   177 ||   177
Invok: Berserk           |       |     4 |     4 ||     8
       Trog's Hand       |       |     2 |     4 ||     6
  Use: Scroll            |       |     9 |     5 ||    14
       Potion            |       |       |     2 ||     2
  Eat: Chunk             |       |     6 |    17 ||    23
       Ration            |       |     1 |     1 ||     2
Armor: Ring mail         |    52 |   105 |   197 ||   354
       Chain mail        |       |       |    10 ||    10
Dodge: Dodged            |    66 |   108 |   274 ||   448
Block: Buckler           |       |    13 |    99 ||   112
